 Dungeon Crawl Stone Soup version 0.17-a0-1582-ge6b0260 (console) character file.

100 FIQ the Skirmisher (level 4, 0/37 HPs)
             Began as a Demonspawn Chaos Knight on July 28, 2015.
             Succumbed to an adder's poison
             ... on level 3 of the Dungeon.
             The game lasted 00:04:14 (1389 turns).

FIQ the Skirmisher (Demonspawn Chaos Knight)        Turns: 1389, Time: 00:04:14

Health: 0/37       AC:  5    Str: 11 (12) XL:     4   Next: 47%
Magic:  4/4        EV: 12    Int: 14      God:    Xom [..*...]
Gold:   50         SH:  0    Dex: 13      Spells: 0 memorised, 3 levels left

rFire  + + .     SeeInvis .     a - +0 mace (chaos)
rCold  x . .     Clarity  .     b - +2 leather armour
rNeg   . . .     SustAt   .     (no shield)
rPois  .         Gourm    .     (no helmet)
rElec  .         Spirit   .     (no cloak)
rCorr  .         Warding  .     (no gloves)
rMut   .         Stasis   .     (no boots)
MR     .....                    (no amulet)
Stlth  +.........               (no ring)
                                e - ring of fire

@: lethally poisoned (0 -> -7), not resistant to hostile enchantments, very
unstealthy
A: talons 1, fire resistance 1, flame cloud immunity
a: Renounce Religion


You were on level 3 of the Dungeon.
You worshipped Xom.
You were a toy of Xom.
You were not hungry.

You visited 1 branch of the dungeon, and saw 3 of its levels.

You collected 50 gold pieces.

Inventory:

Hand weapons
 a - a +0 mace of chaos (weapon)
Armour
 b - a +2 leather armour (worn)
Jewellery
 e - a ring of fire (left hand)
Scrolls
 h - 8 scrolls of identify
 i - 2 scrolls of enchant weapon
 k - a scroll of remove curse
Comestibles
 c - a bread ration
 d - 3 beef jerkies
 f - a slice of pizza
 j - a meat ration


   Skills:
 + Level 3.7 Fighting
 + Level 3.3 Maces & Flails
 + Level 2.6 Armour
 + Level 1.8 Dodging


You had 3 spell levels left.
You didn't know any spells.

Dungeon Overview and Level Annotations

Branches:
Dungeon (3/15)

Altars:
Cheibriados
Dithmenos
Nemelex Xobeh

Annotations:
D:2 Jessica, Sigmund


Innate Abilities, Weirdness & Mutations

You have sharp toenails.
Your flesh is heat resistant.
You are immune to clouds of flame.


Message History

You hit the adder.
There is a sudden explosion of sparks!
You kill the adder!
* * * LOW HITPOINT WARNING * * *
You feel sick.
A goblin comes into view. It is wielding a dagger.
* * * LOW HITPOINT WARNING * * *
You feel sick.
The goblin shouts!
There is a large open door here.
* * * LOW HITPOINT WARNING * * *
You feel sick.
* * * LOW HITPOINT WARNING * * *
You feel sick.
You barely miss the goblin.
* * * LOW HITPOINT WARNING * * *
You feel sick. The goblin hits you but does no damage.
The goblin hits you but does no damage.
You hit the goblin. Your kick misses the goblin.
The goblin is almost dead.
You die...
Xom laughs nastily!

#########+#
######..........
#...##..........
#...##..........
+...''..........
#..@##...........#.#
#..g##...........#.#
#...##..........##..
#...##..............
#...##...........?.#
#...##.............#
.....#.............#
......#.............#
##...§...##....
#..§§...##..##
#>.._...##..##


You could see a goblin.

Vanquished Creatures
  7 adders
  2 giant geckos (D:1)
  An orc (D:3)
  5 bats
  2 giant cockroaches (D:2)
  A goblin (D:1)
  7 hobgoblins (D:1)
  A ball python (D:1)
  4 giant newts
  A giant newt (shapeshifter) (D:2)
  5 kobolds
  5 rats
41 creatures vanquished.

Notes
Turn   | Place    | Note
--------------------------------------------------------------
     0 | D:1      | FIQ the Demonspawn Chaos Knight began the quest for the Orb.
     0 | D:1      | Reached XP level 1. HP: 18/18 MP: 1/1
   230 | D:1      | XOM: harmless Ice miscast
   249 | D:1      | XOM: potion effect (haste)
   269 | D:1      | Gained mutation: Your flesh is heat resistant. [demonic ancestry]
   269 | D:1      | Reached XP level 2. HP: 9/24 MP: 2/2
   564 | D:1      | Reached skill level 1 in Dodging
   566 | D:1      | XOM: divination: detect items
   809 | D:2      | Gained mutation: You have sharp toenails. [demonic ancestry]
   809 | D:2      | Reached XP level 3. HP: 19/29 MP: 3/3
   916 | D:2      | Found a snail-covered altar of Cheibriados.
  1037 | D:2      | Gained mutation: You are immune to clouds of flame. [demonic ancestry]
  1037 | D:2      | Reached XP level 4. HP: 6/36 MP: 4/4
  1131 | D:2      | Found a sparkling altar of Nemelex Xobeh.
  1138 | D:2      | Noticed Jessica
  1140 | D:2      | Noticed Sigmund
  1274 | D:3      | XOM: silly message
  1346 | D:3      | Found a shadowy altar of Dithmenos.
  1354 | D:3      | XOM: divination: detect creatures
  1387 | D:3      | HP: 1/37 [poisoned by an adder]
  1389 | D:3      | Succumbed to an adder's poison

Vault maps used:
D:1:      enne_arrival_octagon_isle, minivault_26
D:2:      nemelex_xobeh_ov_fountains_minmay, nicolae_overflow_crystal_walls,
          uniq_sigmund, uniq_jessica
D:3:      ecumenical_altar_2, grunt_dithmenos_smoke, uniq_grinder

Action                   |  1- 3 |  4- 6 || total
-------------------------+-------+-------++-------
Melee: Mace              |    98 |    34 ||   132
  Use: Scroll            |     6 |       ||     6
       Potion            |     4 |       ||     4
 Stab: Sleeping          |     1 |     1 ||     2
       Petrifying        |       |     1 ||     1
  Eat: Chunk             |       |     2 ||     2
